Map: [ESL] Solaris

Players

Creator

  • Race: Protoss Protoss
  • Spawn Location: 7:00

SpeCial - Winner!

  • Race: Terran Terran
  • League: Master
  • Spawn Location: 1:00

Event: IEM Katowice 2024

VOD

Have the link to the VOD?

Description

Time

  • Played on: Dec. 10, 2023, 7:06 p.m.
  • Length: 10:51

All games in this series

Show
View Real Time Build Order
Export as new Build Order

Creator Protoss 

Build Orders: 1 Gate Expand, Phoenix Opening, Blink Stalkers, Zealot Archon 

Get SALT Encoding   

  12  0:00  Probe  
  13  0:12  Probe  
  14  0:17  Pylon  
  14  0:24  Probe (Chrono Boost)  
  15  0:36  Gateway  
  15  0:37  Probe (Chrono Boost)  
  16  0:43  Probe (Chrono Boost)  
  16  0:45  Assimilator  
  17  0:51  Probe  
  18  1:03  Probe  
  19  1:15  Probe  
  20  1:25  Cybernetics Core  
  20  1:41  Nexus  
  20  1:50  Pylon  
  20  1:51  Probe  
  21  1:59  Assimilator  
  21  2:02  Stalker (Chrono Boost)  
  23  2:08  Probe  
  23  2:12  Warp Gate  
  24  2:20  Probe  
  27  2:33  Sentry, Probe  
  28  2:41  Pylon  
  28  2:43  Shield Battery  
  28  2:45  Probe (Chrono Boost)  
  29  2:55  Probe (Chrono Boost)  
  29  2:56  Stalker  
  29  2:57  Probe (Chrono Boost)  
  33  3:02  Probe  
  33  3:03  Phoenix  
  34  3:06  Probe  
  34  3:17  Twilight Council, Probe  
  34  3:18  Probe  
  36  3:29  Probe  
  36  3:30  Probe  
  38  3:35  Gateway  
  38  3:36  Gateway  
  38  3:42  Probe  
  38  3:43  Probe (Chrono Boost)  
  40  3:53  Robotics Facility  
  40  3:54  Blink, Probe (Chrono Boost)  
  42  3:55  Probe (Chrono Boost)  
  42  4:03  Pylon  
  42  4:04  Probe (Chrono Boost)  
  42  4:05  Probe (Chrono Boost)  
  42  4:07  Stalker  
  42  4:09  Probe (Chrono Boost)  
  46  4:14  Probe  
  46  4:31  Stalker x3  
  46  4:34  Probe x2  
  52  4:39  Phoenix  
  52  4:45  Assimilator  
  51  4:46  Assimilator, Probe (Chrono Boost)  
  51  4:52  Probe (Chrono Boost)  
  53  4:58  Probe (Chrono Boost)  
  55  5:00  Probe (Chrono Boost)  
  55  5:02  Warp Prism, Probe (Chrono Boost)  
  55  5:06  Probe  
  58  5:12  Stalker, Pylon  
  61  5:16  Probe  
  62  5:30  Probe x2  
  62  5:31  Robotics Bay  
  64  5:42  Stalker  
  66  5:45  Nexus  
  66  5:49  Pylon  
  66  5:51  Pylon  
  66  5:52  Immortal (Chrono Boost)  
  70  6:05  Pylon  
  70  6:07  Probe x2  
  70  6:09  Sentry  
  70  6:10  Zealot  
  76  6:14  Shield Battery  
  76  6:16  Pylon  
  74  6:21  Colossus (Chrono Boost)  
  79  6:27  Probe  
  79  6:28  Probe  
  81  6:35  Stalker  
  81  6:36  Stalker  
  81  6:39  Zealot  
  85  6:52  Probe x2  
  80  7:02  Colossus (Chrono Boost)  
  80  7:04  Probe (Chrono Boost)  
  80  7:08  Zealot, Probe (Chrono Boost), Stalker  
  91  7:10  Probe (Chrono Boost)  
  91  7:14  Probe (Chrono Boost)  
  95  7:16  Archon  
  95  7:17  Shield Battery, Probe (Chrono Boost)  
  95  7:18  Probe (Chrono Boost)  
  95  7:19  Probe (Chrono Boost)  
  95  7:20  Stalker  
  99  7:27  Probe  
  99  7:28  Probe  
  99  7:29  Stalker  
  103  7:30  Probe  
  103  7:36  Stalker  
  94  8:01  Zealot x3  
  80  8:06  Stalker  
  61  8:23  Gateway  
  55  8:27  Dark Shrine  
  55  8:28  Gateway  
  55  8:29  Stalker x2  
  55  8:30  Stalker  
  59  8:41  Nexus  
  59  8:46  Probe  
  60  8:54  Sentry, Zealot  
  64  8:57  Pylon  
  64  8:58  Probe  
  65  9:04  Pylon  
  65  9:09  Shield Battery  
  65  9:12  Pylon  
  65  9:13  Probe  
  66  9:18  Sentry  
  66  9:19  Zealot  
  69  9:39  Dark Templar x2  
  73  9:46  Sentry  
  73  9:47  Zealot  
  73  9:52  Probe  
  78  9:56  Zealot  
  70  10:10  Zealot  
  70  10:11  Zealot  
  64  10:16  Probe x2  
  64  10:19  Zealot x2  
  70  10:22  Zealot  
  72  10:32  Sentry, Zealot  
  76  10:41  Stalker  
  76  10:42  Stalker  
  61  10:46  Stalker  
Show
View Real Time Build Order
Export as new Build Order

SpeCial Terran - Winner!

Build Orders: Liberator Opening 

Get SALT Encoding   

  12  0:00  SCV  
  13  0:12  SCV  
  14  0:17  Supply Depot  
  14  0:24  SCV  
  15  0:38  SCV  
  15  0:40  Barracks  
  16  0:45  Refinery  
  16  0:51  SCV  
  16  0:54  Refinery  
  17  1:03  SCV  
  18  1:11  Engineering Bay  
  18  1:15  SCV  
  19  1:27  Reaper  
  19  1:32  Orbital Command  
  20  1:35  Supply Depot  
  20  1:46  Factory  
  20  1:58  SCV  
  20  2:01  Reaper  
  22  2:10  SCV  
  24  2:22  SCV  
  24  2:28  Command Center  
  24  2:35  Starport  
  24  2:38  Barracks Reactor  
  24  2:40  SCV  
  25  2:45  Widow Mine  
  27  2:52  SCV  
  27  2:57  Supply Depot  
  28  3:04  SCV  
  28  3:07  Widow Mine  
  30  3:16  Marine  
  30  3:18  Medivac, Marine, SCV  
  35  3:30  SCV, Widow Mine  
  38  3:34  Marine  
  38  3:40  Marine  
  38  3:41  Orbital Command  
  40  3:42  SCV  
  41  3:52  Liberator, Marine  
  41  3:53  Factory Tech Lab  
  45  3:56  SCV  
  45  3:58  Marine  
  45  4:02  Supply Depot  
  47  4:09  SCV x2  
  49  4:14  Marine  
  49  4:15  Marine  
  51  4:19  Siege Tank  
  51  4:23  SCV x2  
  55  4:32  Marine  
  55  4:33  Marine  
  55  4:35  SCV x2  
  59  4:45  Medivac  
  55  4:47  SCV x2  
  55  4:48  Bunker, Barracks  
  55  4:53  Siege Tank, Supply Depot  
  55  4:57  Marine x2  
  55  4:59  SCV  
  62  5:00  SCV  
  62  5:05  Barracks  
  62  5:14  SCV x2  
  62  5:15  Starport Tech Lab, Supply Depot  
  62  5:16  Marine x2  
  66  5:25  Engineering Bay  
  66  5:26  SCV x2  
  66  5:27  Refinery  
  68  5:34  Marine x2  
  70  5:38  SCV x2  
  70  5:41  Factory Reactor  
  72  5:43  Starport Reactor, Supply Depot  
  72  5:46  Stimpack, Marauder  
  74  5:50  SCV x2  
  74  5:52  Supply Depot  
  74  5:53  Marine x2  
  74  5:55  Refinery  
  78  6:00  Terran Infantry Weapons Level 1, Missile Turret  
  78  6:05  Supply Depot, Marauder  
  78  6:08  Marauder  
  78  6:10  Marine x2  
  84  6:17  Combat Shield  
  83  6:26  Command Center  
  83  6:28  Marine x2, Marauder  
  83  6:29  Marauder, SCV  
  90  6:34  Medivac  
  90  6:36  Missile Turret  
  89  6:40  Medivac  
  89  6:42  SCV  
  91  6:53  Marine x2  
  89  6:54  SCV, Marauder x2  
  89  6:58  Supply Depot  
  89  7:03  Widow Mine x2  
  89  7:07  SCV  
  89  7:08  SCV  
  95  7:16  Marauder x2  
  95  7:19  Marine x2  
  101  7:22  Barracks  
  101  7:24  Barracks  
  101  7:27  SCV  
  101  7:28  SCV  
  105  7:30  Widow Mine  
  105  7:32  Widow Mine  
  104  7:37  Marauder x2, Medivac  
  104  7:44  Marine, Medivac  
  95  7:56  Marine  
  84  7:58  Marauder x2  
  84  8:02  Marine  
  84  8:05  Orbital Command  
  76  8:14  Marine  
  78  8:20  Marauder x2  
  76  8:32  Orbital Command  
  76  8:36  Barracks Tech Lab  
  76  8:43  Marauder  
  78  8:50  Missile Turret  
  78  8:51  Marine x3  
  78  8:53  Marine x2  
  83  8:57  SCV  
  83  8:58  SCV  
  83  9:00  SCV  
  86  9:05  Concussive Shells  
  86  9:09  SCV  
  87  9:10  SCV  
  87  9:12  SCV  
  87  9:13  Viking  
  87  9:14  Viking  
  93  9:21  SCV, Marine x3  
  93  9:22  SCV  
  93  9:23  Marine  
  99  9:24  SCV  
  100  9:33  SCV  
  100  9:34  SCV  
  100  9:36  SCV  
  109  9:38  Marauder x3  
  109  9:43  Supply Depot  
  109  9:47  SCV  
  109  9:48  SCV x2  
  109  9:50  Viking  
  109  9:52  Viking  
  115  9:59  SCV  
  116  10:00  SCV  
  116  10:05  Marine  
  116  10:06  Marauder x2, Marine  
  120  10:09  SCV  
  120  10:12  SCV  
  114  10:18  Marauder, Marine x2  
  114  10:20  SCV  
  117  10:22  SCV  
  117  10:24  SCV  
  121  10:32  SCV  

Tags
 
Add a new tag
Caveats
  • Supply blocks, unpowered buildings, or Contaminate may cause inaccurate times.
  • Supply counts are checked every 10 seconds.